 Dungeon Crawl Stone Soup version 0.30-a0-1164-ge08a67761e (webtiles) character file.

Game seed: 389182540433239720

67 Mesmaeker13 the Insei (level 4, -1/29 HPs)
             Began as an Octopode Transmuter on Apr 29, 2023.
             Slain by Terence
             ... wielding a +0 flail
              (11 damage)
             ... on level 3 of the Dungeon.
             The game lasted 00:02:00 (1635 turns).

Mesmaeker13 the Insei (Octopode Transmuter)         Turns: 1635, Time: 00:02:00

Health: -1/29      AC:  1    Str:  9    XL:     4   Next: 18%
Magic:  6/7        EV: 13    Int: 17    God:
Gold:   133        SH:  0    Dex: 12    Spells: 0/7 levels left

rFire   . .          .
                       - Unarmed
rCold   . . .        (no shield)
rNeg    . . .        (helmet currently unavailable)
rPois   .            (no amulet)
rElec   .            (no ring)
rCorr   .            (no ring)
SInv    .            (no ring)
Will    .....        (no ring)
Stlth   ++           (no ring)
HPRegen 0.24/turn    (no ring)
MPRegen 0.10/turn    (no ring)
                     (no ring)

%: no passive effects
@: appendages
A: tentacle spike 3, almost no armour, amphibious, 8 rings, camouflage 1,
gelatinous body 1, (nimble swimmer 1), tentacles
a: End Transformation


You were on level 3 of the Dungeon.
One of your tentacles had grown a beastly spike.
You visited 1 branch of the dungeon, and saw 3 of its levels.

You collected 133 gold pieces.

Inventory:

Hand Weapons
 i - a +0 trident
Missiles
 k - 8 poisoned darts
Scrolls
 b - a scroll of noise {unknown}
 c - a scroll of amnesia {unknown}
 d - a scroll of vulnerability {unknown}
 f - a scroll of teleportation {unknown}
 j - a scroll of summoning {unknown}
 l - a scroll of enchant armour
 m - 2 scrolls of identify {unknown}
 n - a scroll of magic mapping {unknown}
Potions
 a - a potion of lignification
 e - a potion of might {unknown}
 g - a potion of brilliance {unknown}
 h - 3 potions of curing
 o - 2 potions of berserk rage {unknown}


   Skills:
 + Level 2.3 Fighting
 - Level 2.0 Dodging
 + Level 3.7 Unarmed Combat
 - Level 2.0 Spellcasting
 + Level 2.9 Transmutations
 + Level 0.1 Ice Magic


You couldn't memorise any spells.
You knew the following spells:

 Your Spells              Type           Power      Damage    Failure   Level
a - Beastly Appendage     Tmut           22%        N/A       6%          1
b - Wereblood             Tmut           11%        N/A       9%          2
c - Ice Form              Ice/Tmut       6%         N/A       71%         4

Your spell library contained the following spells:

 Spells                   Type           Power      Damage    Failure   Level
 Lesser Beckoning         Tloc           2%         N/A       28%         2
 Spider Form              Tmut/Pois      6%         N/A       32%         3
 Gell's Gravitas          Tloc           1%         N/A       50%         3
 Teleport Other           Tloc           1%         N/A       50%         3


Dungeon Overview and Level Annotations

Branches:
Dungeon (3/15)

Altars:

Shops:
D:1 [

Annotations:
D:3 Terence


Innate Abilities, Weirdness & Mutations

One of your tentacles has grown a beastly spike.
You cannot wear most types of armour.
You are amphibious.
You can wear up to eight rings at the same time.
Your skin changes colour to match your surroundings (Stealth+).
Your rubbery body absorbs attacks. (AC +1, EV +1)
((You are camouflaged when in or above water. (Stealth+)))
You have tentacles for arms and can constrict up to eight enemies at once.


Message History

The jackal barely misses you. The jackal bites you.
You tentacle-slap the jackal. You grab the jackal. You squeeze the jackal.
You kill the jackal!
You see here a jackal corpse.
HP restored.
Magic restored.
Found an escape hatch in the ceiling.
Terence the Incautious comes into view.
He is wielding a +0 flail.
Terence shouts!
Casting: Wereblood (safe; 9% risk of failure)
Confirm with . or Enter, or press ? or * to list all spells.
One of your tentacles grows a vicious spike.
As you read the scroll labelled UMORASTOPPOI, it crumbles to dust.
It is a scroll of enchant armour.
You aren't carrying any armour which can be enchanted further.
You tentacle-slap Terence but do no damage.
You grab Terence.
You pierce Terence, but do no damage.
You squeeze Terence, but do no damage.
You constrict Terence, but do no damage.
Terence hits you with a +0 flail!
You tentacle-slap Terence. You squeeze Terence, but do no damage.
Terence is lightly wounded.
You constrict Terence. Terence hits you with a +0 flail!
You tentacle-slap Terence but do no damage.
You pierce Terence, but do no damage.
Terence is lightly wounded.
You constrict Terence, but do no damage.
Terence hits you with a +0 flail.
* * * LOW HITPOINT WARNING * * *
You tentacle-slap Terence but do no damage.
Terence is lightly wounded.
You constrict Terence, but do no damage.
Terence barely misses you.
Okay, then.
Unknown command.
It was a potion of curing.
You feel better.
You constrict Terence, but do no damage.
Terence looks scornfully at you. Terence hits you with a +0 flail!
You die...

#†#.# #.#
#.#.# ...
#.#.# #.##
#.#.# ##..#
#†#.## #...#
#<†..# #...#
#...##
#..@#####...##
#..@.........#
#..######.#.##
#... #.#.#
#.### #.#.# #.
#.#.# #. #<#.#
.. #...# ##
#####


You could see Terence.

Vanquished Creatures
  2 adders (D:2)
  A worm (D:2)
  6 bats
  3 endoplasms (D:1)
  7 giant cockroaches
  2 goblins
  6 hobgoblins
  3 jackals (D:3)
  2 kobolds (D:2)
  2 ball pythons (D:1)
  A frilled lizard (D:1)
  7 rats
42 creatures vanquished.

Notes
Turn   | Place    | Note
-------+----------+-------------------------------------------
     0 | D:1      | Mesmaeker13 the Octopode Transmuter began the quest for the
                  | Orb.
     0 | D:1      | Reached XP level 1. HP: 13/13 MP: 3/3
   164 | D:1      | Reached XP level 2. HP: 18/18 MP: 3/5
   245 | D:1      | Found Sutz's Antique Armour Shop.
   449 | D:1      | Learned a level 2 spell: Wereblood
   767 | D:2      | Reached XP level 3. HP: 23/24 MP: 4/6
  1250 | D:2      | Reached XP level 4. HP: 25/29 MP: 3/7
  1260 | D:2      | Learned a level 4 spell: Ice Form
  1626 | D:3      | Noticed Terence
  1635 | D:3      | Slain by Terence

Illustrated notes

Levels and vault maps discovered:
D:1:      roderic_octagonal_star, layout_basic, serial_shops, shop, st_stairs_6
D:2:      layout_basic, minmay_misc_feat_more_columns, minmay_misc_feat_x,
          minmay_worlds_worst_comb
D:3:      layout_basic, chequers_serial_rivers_micro_c, minmay_cut_off,
          uniq_terence

Skill      XL: |  1  2  3 |
---------------+----------+-----
Fighting       | 2 |  2.3
Dodging        | |  2.0
Unarmed Combat | |  3.7
Spellcasting   | |  2.0
Transmutations | |  2.9
Ice Magic      | |  0.1

Action                     |  1- 3 |  4- 6 || total
---------------------------+-------+-------++-------
  Melee: Unarmed           |    70 |    16 ||    86
         Kick              |    20 |     6 ||    26
         Constrict         |    18 |     6 ||    24
         Tentacles         |    12 |     7 ||    19
         Punch             |     1 |     1 ||     2
   Cast: Beastly Appendage |    24 |     2 ||    26
         Wereblood         |     1 |       ||     1
    Use: Scroll            |       |     1 ||     1
         Potion            |       |     1 ||     1
   Stab: Sleeping          |     5 |       ||     5
 Armour: Skin              |     4 |     3 ||     7
  Dodge: Dodged            |    49 |    14 ||    63

Table legend: (Time is in decaauts)
 A = Elapsed time spent in this place.
 B = Non-inter-level travel time spent in this place.
 C = Inter-level travel time spent in this place.
 D = Time resting spent in this place.
 E = Time spent auto-exploring this place.
 F = Levels seen in this place.
 G = Mean time per level.
                   A        B        C        D        E       F      G
               +--------+--------+--------+--------+--------+-----+--------+
         Total |   1629 |   1606 |     23 |      7 |   1274 |   3 |  543.0 |
       Dungeon |   1629 |   1606 |     23 |      7 |   1274 |   3 |  543.0 |
               +--------+--------+--------+--------+--------+-----+--------+

Top non-repeatable levels by time:
     D:2: 807 daAuts
     D:1: 755 daAuts
     D:3: 67 daAuts
